 Dungeon Crawl Stone Soup version 0.28.0-43-g3370ac3207 (webtiles) character file.

Game seed: 10187728576128510120

12 Parham the Digger (level 2, -2/12 HPs)
             Began as a Felid Wanderer on Mar 7, 2022.
             Slain by a hobgoblin
             ... wielding a +0 vorpal hand axe
              (9 damage)
             ... on level 1 of the Dungeon.
             The game lasted 00:02:45 (510 turns).

Parham the Digger (Felid Wanderer)                   Turns: 510, Time: 00:02:45

Health: -2/12      AC:  1    Str:  8    XL:     2   Next: 20%
Magic:  4/4        EV: 16    Int: 14    God:
Gold:   0          SH:  0    Dex: 14    Spells: 1/3 levels left
                                        Lives:  0   Deaths: 0

rFire   . . .      SeeInvis +   (weapon unavailable)
rCold   . . .      Faith    .   (shield unavailable)
rNeg    . . .      Spirit   .   (armour unavailable)
rPois   .          Reflect  .   (helmet unavailable)
rElec   .          Harm     .   (cloak unavailable)
rCorr   .          Rampage  .   (gloves unavailable)
Will    .....                   (boots unavailable)
Stlth   ++........              (no amulet)
HPRegen 0.04/turn               (no ring)
MPRegen 0.09/turn               (no ring)

@: appendages (expiring), quick
A: horns 2, very small, claws 1, fangs 3, see invisible, speed 1, shaggy fur 1,
stealthy paws, no weapons or thrown items, no armour, multi-lived
a: End Transformation


You were on level 1 of the Dungeon.
You had temporarily grown beastly horns.
You visited 1 branch of the dungeon, and saw 1 of its levels.

You aren't carrying anything.


   Skills:
 * Level 1.0 Fighting
 * Level 1.6 Dodging
 * Level 0.6 Stealth
 * Level 0.1 Unarmed Combat
 * Level 1.2 Spellcasting
 * Level 3.4 Transmutations
 * Level 3.8 Earth Magic


You had one spell level left.
You knew the following spells:

 Your Spells              Type           Power      Damage    Failure   Level
a - Sandblast             Erth           22%        2d7       5%          1
b - Beastly Appendage     Tmut           20%        N/A       6%          1

Your spell library contained the following spells:

 Spells                   Type           Power      Damage    Failure   Level
 Passwall                 Tmut/Erth      9%         N/A       9%          2
 Spider Form              Tmut/Pois      5%         N/A       36%         3
 Petrify                  Tmut/Erth      11%        N/A       50%         4


Dungeon Overview and Level Annotations

Branches:
Dungeon (1/15)

Altars:


Innate Abilities, Weirdness & Mutations

You have temporarily grown beastly horns.
You have sharp claws.
You have razor-sharp teeth.
You have supernaturally acute eyesight. (SInv)
You cover ground quickly. (Speed+)
You are covered in fur. (AC +1)
Your paws help you pounce on unaware monsters.
You are incapable of wielding weapons or throwing items.
You cannot wear armour.
You gain extra lives every three experience levels.


Message History

Casting: Beastly Appendage (safe; 6% risk of failure)
Confirm with . or Enter, or press ? or * to list all spells.
You grow a pair of large bovine horns.
You barely miss the hobgoblin. Your bite misses the hobgoblin.
The hobgoblin hits you.
A hobgoblin comes into view. It is wielding a +0 vorpal hand axe.
The hobgoblin shouts!
You scratch the hobgoblin but do no damage.
Your headbutt misses the hobgoblin. The hobgoblin completely misses you.
You scratch the hobgoblin but do no damage.
Your headbutt misses the hobgoblin. The hobgoblin barely misses you.
You scratch the hobgoblin.
The hobgoblin is severely wounded.
The hobgoblin completely misses you.
You scratch the hobgoblin.
You kill the hobgoblin!
A goblin comes into view. It is wielding a +0 club.
The goblin shouts!
You scratch the hobgoblin but do no damage.
Your bite misses the hobgoblin. The hobgoblin closely misses you.
You scratch the hobgoblin but do no damage.
Your claw misses the hobgoblin. You bite the hobgoblin.
The hobgoblin is lightly wounded.
The hobgoblin misses you.
You scratch the hobgoblin but do no damage.
Your headbutt misses the hobgoblin.
The hobgoblin is lightly wounded.
Your transformation is almost over.
The hobgoblin barely misses you.
You barely miss the hobgoblin.
The hobgoblin is lightly wounded.
The hobgoblin closely misses you.
You scratch the hobgoblin but do no damage.
The hobgoblin is lightly wounded.
The hobgoblin closely misses you.
You barely miss the hobgoblin.
The hobgoblin is lightly wounded.
The hobgoblin hits you with a +0 vorpal hand axe!
Ouch! That really hurt!
You die...

#...#.#.#..#.<.#.#
#.#####.#.######...#.#
#.......#.# #.....#.#
#.#####.### #.>...#.#
#...# #.....#.# #.#####
###...#.# #.....# #
#...#.#
..#########.####.#...#.#
......g@.........#...#.#
......g...######.#.#.#.#
..........# #...#.#.#
..........# #.....#..
..........# #....####
..........# #........
########.## #########
#.#


You could see a hobgoblin and a goblin.

Vanquished Creatures
  A bat (D:1)
  An endoplasm (D:1)
  3 giant cockroaches (D:1)
  2 goblins (D:1)
  A hobgoblin (D:1)
  A ball python (D:1)
  A rat (D:1)
10 creatures vanquished.

Notes
Turn   | Place    | Note
-------+----------+-------------------------------------------
     0 | D:1      | Parham the Felid Wanderer began the quest for the Orb.
     0 | D:1      | Parham set off with the following spells available to
                  | memorise: Sandblast, Beastly Appendage, Passwall, Spider
                  | Form, Petrify
     0 | D:1      | Reached XP level 1. HP: 9/9 MP: 3/3
     4 | D:1      | Learned a level 1 spell: Sandblast
     6 | D:1      | Learned a level 1 spell: Beastly Appendage
   361 | D:1      | Reached XP level 2. HP: 12/12 MP: 2/4
   510 | D:1      | Slain by a hobgoblin

Illustrated notes

Levels and vault maps discovered:
D:1:      amcnicky_arrival_blooded_trapdoor, layout_basic, serial_shops,
          nicolae_shop_behind_doors, minmay_misc_feat_ornament, minivault_24

Action                   || total
-------------------------++-------
Melee: Unarmed           ||    33
       Headbutt          ||     4
       Bite              ||     2
 Cast: Beastly Appendage ||     6
Dodge: Dodged            ||    30
